Map: Acid Plant LE

Players

IamEXIT - Winner!

  • Race: Terran Terran
  • League: Master
  • Spawn Location: 11:00

Hermioneee

  • Race: Protoss Protoss
  • League: Master
  • Spawn Location: 5:00

VOD

Have the link to the VOD?

Description

Time

  • Played on: Jan. 29, 2018, 4:54 p.m.
  • Length: 12:42
Show
View Real Time Build Order
Export as new Build Order

IamEXIT Terran - Winner!

Build Orders: Liberator Opening, Reaper Expand, MMM Bio 

Get SALT Encoding   

  12  0:00  SCV  
  13  0:13  SCV  
  14  0:17  Supply Depot  
  14  0:25  SCV  
  15  0:32  Refinery  
  15  0:38  SCV  
  16  0:44  Barracks  
  16  0:51  SCV  
  17  1:03  SCV  
  18  1:15  SCV  
  19  1:31  Orbital Command  
  19  1:32  Reaper  
  20  1:42  Command Center  
  20  1:54  Factory  
  20  1:57  SCV  
  21  2:05  Supply Depot  
  21  2:10  SCV, Barracks Reactor  
  22  2:20  Refinery  
  22  2:22  SCV  
  23  2:34  SCV  
  24  2:46  Starport, SCV  
  25  2:53  Hellion x2  
  25  2:54  Orbital Command  
  25  2:58  SCV  
  30  3:01  Marine  
  31  3:09  Supply Depot  
  31  3:10  SCV  
  32  3:14  Widow Mine  
  32  3:15  Widow Mine  
  36  3:22  SCV  
  36  3:25  SCV  
  38  3:30  Medivac  
  40  3:34  SCV, Supply Depot  
  40  3:37  SCV  
  40  3:39  Widow Mine  
  44  3:41  Widow Mine  
  44  3:45  Liberator  
  44  3:47  SCV  
  47  3:49  SCV  
  48  3:55  Barracks Tech Lab  
  48  3:59  SCV  
  48  4:00  Supply Depot  
  48  4:01  SCV  
  52  4:11  SCV  
  52  4:13  SCV  
  52  4:14  Widow Mine x2  
  52  4:15  Marine  
  58  4:23  SCV  
  59  4:25  SCV  
  60  4:34  Command Center, Marine  
  60  4:37  Supply Depot  
  61  4:40  SCV  
  61  4:41  Stimpack  
  62  4:46  SCV  
  62  4:49  Factory Reactor  
  62  4:52  SCV  
  64  4:58  SCV  
  65  5:04  SCV, Marauder  
  53  5:08  Barracks  
  53  5:09  Barracks x2  
  53  5:10  Barracks, SCV  
  53  5:12  Bunker  
  54  5:16  SCV, Starport Reactor  
  54  5:21  Refinery x2  
  55  5:27  SCV  
  56  5:30  SCV  
  56  5:34  Engineering Bay  
  57  5:36  Marauder  
  57  5:38  Engineering Bay  
  57  5:41  SCV  
  57  5:42  Factory Reactor  
  60  5:43  SCV  
  60  5:48  Orbital Command  
  61  5:53  SCV  
  62  5:58  Marauder  
  62  6:00  Barracks Tech Lab  
  62  6:02  SCV  
  65  6:05  Terran Infantry Weapons Level 1  
  65  6:06  Starport Reactor, Terran Infantry Armor Level 1  
  65  6:07  SCV  
  65  6:09  Marine x2  
  65  6:10  Marine  
  69  6:11  Missile Turret  
  69  6:12  Marine  
  69  6:14  Marine  
  69  6:17  SCV  
  72  6:23  Combat Shields  
  72  6:25  SCV x2, Missile Turret  
  74  6:29  SCV  
  74  6:32  Marine x4  
  76  6:37  SCV  
  77  6:41  Widow Mine x2, Marine  
  77  6:42  Concussive Shells, Marauder  
  77  6:43  Marine  
  77  6:45  Marine  
  86  6:47  Orbital Command  
  86  6:50  Marine x3  
  86  6:51  Medivac  
  91  7:00  SCV  
  92  7:01  SCV  
  92  7:02  Supply Depot, Missile Turret  
  92  7:03  Supply Depot  
  93  7:11  Armory  
  93  7:21  Missile Turret  
  93  7:23  Marine, Medivac x2, SCV x3  
  93  7:24  Marine  
  102  7:32  Widow Mine x2, Marauder  
  102  7:33  Marine  
  109  7:41  Marine x3, SCV  
  109  7:42  Marauder, Supply Depot  
  115  7:44  SCV, Supply Depot  
  115  7:45  SCV  
  115  7:49  Marine  
  117  7:56  Refinery  
  117  7:57  Refinery  
  117  8:01  Supply Depot x3  
  117  8:03  Marine, Medivac  
  117  8:04  Marauder  
  122  8:09  Medivac  
  122  8:10  Widow Mine x2, Marine  
  122  8:11  Marine  
  122  8:12  Marine  
  128  8:18  Terran Infantry Weapons Level 2  
  127  8:20  Terran Infantry Armor Level 2  
  127  8:21  Marine  
  125  8:27  SCV  
  125  8:30  Marine  
  125  8:33  Widow Mine x2  
  125  8:34  Marine, Marauder x2  
  125  8:37  Marine x2  
  125  8:39  SCV  
  123  8:43  Terran Ship Weapons Level 1  
  123  8:51  Liberator x2  
  123  8:53  Starport  
  123  8:55  Fusion Core  
  123  8:56  Starport  
  123  8:58  SCV x2  
  123  9:00  Sensor Tower  
  125  9:09  Widow Mine  
  135  9:10  Widow Mine, Marine x2, Marauder  
  135  9:11  Marine  
  140  9:19  Missile Turret  
  140  9:21  SCV, Supply Depot  
  140  9:22  SCV  
  142  9:26  Marine, Marauder  
  142  9:28  Supply Depot  
  145  9:32  Marauder  
  145  9:34  Starport Reactor, Starport Tech Lab  
  145  9:35  Widow Mine  
  145  9:36  Widow Mine  
  150  9:42  Marine x2  
  144  9:47  Marine x2, Marauder  
  144  9:51  Marine  
  143  9:53  Marauder, Liberator x2  
  145  10:04  Marine x2  
  143  10:07  Command Center  
  143  10:08  Marauder  
  143  10:09  Advanced Ballistics  
  143  10:11  Liberator x2  
  151  10:14  Marauder  
  151  10:18  Liberator  
  145  10:27  Sensor Tower  
  151  10:29  Marine  
  151  10:30  Marine x3, Marauder  
  151  10:31  Marine  
  158  10:36  Marine, Marauder  
  158  10:40  Widow Mine  
  158  10:41  Widow Mine  
  158  10:42  Missile Turret  
  168  10:44  Liberator  
  168  10:46  Marine  
  168  10:48  Marine  
  170  10:51  Marine, Marauder  
  170  10:55  Marine  
  173  10:58  Supply Depot  
  173  11:01  Marine  
  173  11:02  Widow Mine, Marauder  
  175  11:14  Marauder  
  175  11:15  Marine x3  
  165  11:23  Marauder  
  167  11:29  Command Center  
  167  11:41  Medivac x2  
  167  11:42  Marine x2  
  173  11:57  Sensor Tower, Missile Turret  
  173  12:01  Planetary Fortress  
  173  12:04  Refinery  
  173  12:12  Marauder  
  173  12:13  Widow Mine  
  177  12:17  Marine x2  
Show
View Real Time Build Order
Export as new Build Order

Hermioneee Protoss 

Build Orders: 1 Gate Expand, Blink Stalkers, Zealot Archon 

Get SALT Encoding   

  12  0:01  Probe  
  13  0:13  Probe  
  14  0:19  Pylon  
  14  0:25  Probe (Chrono Boost)  
  15  0:37  Probe (Chrono Boost)  
  16  0:46  Gateway, Probe (Chrono Boost)  
  16  0:47  Assimilator  
  17  0:52  Probe  
  18  1:04  Probe  
  19  1:22  Nexus  
  20  1:25  Probe  
  20  1:33  Cybernetics Core  
  20  1:37  Assimilator  
  20  1:41  Probe  
  21  1:49  Pylon  
  21  1:53  Probe  
  22  2:05  Probe  
  22  2:07  Adept (Chrono Boost), Warp Gate (Chrono Boost)  
  25  2:18  Probe  
  26  2:25  Twilight Council  
  26  2:26  Stalker (Chrono Boost)  
  28  2:30  Probe  
  28  2:36  Probe  
  30  2:42  Probe  
  31  2:48  Probe  
  25  2:51  Stalker (Chrono Boost)  
  32  2:55  Blink (Chrono Boost)  
  32  2:57  Probe  
  35  3:00  Probe  
  36  3:09  Probe  
  36  3:12  Probe  
  38  3:20  Pylon  
  38  3:21  Probe  
  38  3:24  Probe  
  40  3:33  Probe  
  41  3:36  Probe  
  42  3:42  Gateway  
  42  3:43  Gateway  
  42  3:45  Gateway, Probe  
  43  3:48  Probe  
  43  3:52  Pylon  
  44  3:57  Probe  
  44  4:00  Probe  
  47  4:10  Probe  
  47  4:13  Probe  
  47  4:15  Assimilator  
  47  4:16  Assimilator  
  46  4:18  Robotics Facility  
  46  4:20  Stalker  
  46  4:22  Probe  
  49  4:25  Probe  
  50  4:33  Pylon  
  50  4:38  Probe  
  50  4:41  Stalker x3  
  49  5:07  Probe  
  49  5:10  Probe  
  51  5:14  Observer (Chrono Boost)  
  51  5:16  Stalker x4  
  60  5:22  Probe  
  60  5:24  Pylon  
  60  5:26  Probe  
  60  5:27  Observer (Chrono Boost)  
  62  5:34  Probe  
  64  5:39  Gateway  
  64  5:42  Gateway  
  64  5:43  Nexus  
  64  5:44  Gateway  
  64  5:46  Pylon  
  64  5:47  Observer  
  62  5:50  Probe x2  
  62  6:02  Probe x2  
  64  6:12  Forge  
  64  6:14  Probe  
  64  6:17  Templar Archives  
  64  6:19  Probe  
  63  6:26  Probe  
  63  6:30  Immortal (Chrono Boost)  
  63  6:31  Probe  
  65  6:39  Probe  
  70  6:40  Protoss Ground Weapons Level 1 (Chrono Boost)  
  70  6:44  Probe  
  70  6:48  Pylon  
  70  6:51  Probe  
  70  6:54  Forge  
  71  6:56  Probe  
  71  6:59  Sentry x2, High Templar x2  
  80  7:03  Probe  
  81  7:08  Probe  
  81  7:10  Immortal (Chrono Boost)  
  81  7:11  Probe  
  81  7:15  Pylon, Probe  
  88  7:21  Probe  
  88  7:23  Probe  
  88  7:29  Probe  
  90  7:31  Stalker x2  
  90  7:33  Probe  
  95  7:37  Pylon, Probe  
  95  7:40  Protoss Ground Armor Level 1 (Chrono Boost), Archon  
  95  7:41  Probe  
  97  7:45  Probe  
  98  7:51  Immortal (Chrono Boost)  
  98  7:52  Pylon  
  98  7:54  Pylon  
  98  7:58  Pylon  
  102  7:59  Stalker x2  
  102  8:00  Probe  
  102  8:01  Probe  
  102  8:03  Probe  
  110  8:12  Probe  
  110  8:17  Protoss Ground Weapons Level 2 (Chrono Boost)  
  110  8:18  Stalker x3  
  110  8:19  Stalker  
  118  8:30  Probe  
  110  8:36  Probe  
  110  8:37  Probe  
  110  8:39  Assimilator, Immortal (Chrono Boost)  
  112  8:44  Assimilator  
  116  8:49  Pylon  
  116  8:50  Pylon  
  116  8:52  Stalker  
  116  8:53  Gateway  
  116  8:55  Gateway  
  118  9:01  Probe  
  118  9:02  Probe  
  120  9:03  Probe  
  121  9:14  Probe x2  
  121  9:15  Probe  
  128  9:18  Pylon  
  128  9:23  High Templar x2  
  132  9:25  Zealot x5  
  132  9:29  Archon  
  142  9:33  Pylon  
  142  9:35  Pylon  
  142  9:44  Protoss Ground Armor Level 2 (Chrono Boost)  
  129  9:45  Zealot x2  
  129  9:46  Zealot x2  
  127  9:53  Zealot  
  127  9:55  Zealot  
  127  9:56  Zealot  
  112  10:05  Stalker x2  
  112  10:06  Stalker x3  
  121  10:11  Probe  
  116  10:15  Probe x2  
  113  10:23  Robotics Facility, Probe  
  113  10:24  Robotics Facility  
  113  10:27  Probe  
  115  10:32  Zealot x2  
  115  10:33  Zealot x5  
  129  10:36  Probe  
  129  10:37  Probe  
  131  10:48  Stalker  
  131  10:49  Stalker  
  126  11:15  Immortal x2 (Chrono Boost), Cybernetics Core  
  126  11:16  Forge  
  128  11:22  Pylon  
  128  11:27  Photon Cannon  
  128  11:28  Photon Cannon  
  128  11:31  High Templar x2  
  128  11:32  High Templar x2  
  136  11:33  Zealot x2  
  136  11:35  Probe  
  141  11:42  Archon x2  
  141  11:47  Nexus  
  141  11:59  Pylon  
  141  12:04  Stalker x2  
  136  12:17  High Templar x2  
  136  12:18  Zealot x2  
  136  12:21  Archon  
  144  12:27  Pylon  
  144  12:28  Pylon  
  142  12:30  Pylon  
  142  12:36  Stalker  
  142  12:37  Stalker  
Tags
 
Add a new tag
Caveats
  • Supply blocks, unpowered buildings, or Contaminate may cause inaccurate times.
  • Supply counts are checked every 10 seconds.